 Dungeon Crawl Stone Soup version 0.31-b1-17-gcfd88c8481 (webtiles) character file.

Game seed: 7813295494948876971

198956 wetbulb the Impassioned (level 19, -2/131 HPs)
             Began as a Kobold Brigand on Jan 16, 2024.
             Was a Believer of Uskayaw.
             Slain by a salamander mystic
             ... wielding a +0 quarterstaff
              (13 damage)
             ... on level 4 of the Snake Pit.
             The game lasted 03:25:30 (32916 turns).

wetbulb the Impassioned (Kobold Brigand)           Turns: 32916, Time: 03:25:32

Health: -2/131     AC: 24    Str: 10    XL:     19   Next: 63%
Magic:  1/32       EV: 22    Int: 12    God:    Uskayaw [**....]
Gold:   954        SH:  5    Dex: 23    Spells: 18/18 levels left

rFire   . . .        h - +7 quick blade (protect)
rCold   . . .        (no shield)
rNeg    . . .        P - +3 troll leather armour {Snorg}
rPois   +            X - +0 helmet {SInv}
rElec   .            w - +2 cloak
rCorr   .            m - +1 pair of gloves {infuse}
SInv    +            N - +0 pair of boots
Will    +....        H - amulet of reflection
Stlth   ++++++++     o - +4 ring of protection
HPRegen 1.21/turn    C - ring of poison resistance
MPRegen 0.23/turn

%: reflection, infuse magic (1 MP)
@: silenced, under a protective aura, hasted, constricted, very quick
A: small, no large weapons, nightstalker 3
a: Renounce Religion


You were on level 4 of the Snake Pit.
You worshipped Uskayaw.
Uskayaw was most pleased with you.
You visited 5 branches of the dungeon, and saw 27 of its levels.
You also visited: Sewer and Ice Cave.

You collected 2959 gold pieces.
You spent 2005 gold pieces at shops.

Inventory:

Hand Weapons
 h - a +7 quick blade of protection (weapon)
 z - a +4 dagger
 D - the +9 rapier of Zuhat {heavy, rN++ Dex+5 Stlth-}
   (You found it on level 3 of the Lair of Beasts)

   Dex+5:     It affects your dexterity (+5).
   rN++:      It greatly protects you from negative energy.
   Stlth-:    It makes you less stealthy.
 O - a +3 dagger of venom
Missiles
 d - 6 poisoned darts (quivered)
 e - 7 curare-tipped darts
Armour
 k - +2 fire dragon scales
 m - a +1 pair of gloves of infusion (worn)
 u - a +2 pair of gloves
 w - a +2 cloak (worn)
 N - a +0 pair of boots (worn)
 P - a +3 troll leather armour (worn) {Snorg}
 X - a +0 helmet of see invisible (worn)
Jewellery
 a - the ring of the Skies Above {rC+ rN+ MP+9 Dex+4}
   (You acquired it on level 4 of the Snake Pit)

   [ring of magical power]

   Dex+4:     It affects your dexterity (+4).
   rC+:       It protects you from cold.
   rN+:       It protects you from negative energy.
   MP+9:      It affects your magic capacity (+9).
 o - a +4 ring of protection (left hand)
 r - a ring of protection from fire
 y - the amulet of the Tired Tales {Acrobat rElec rF- rN++ Regen+}
   (You acquired it on level 4 of the Dungeon)

   [amulet of the acrobat]

   Acrobat:   It increases your evasion while moving and waiting.
   rF-:       It makes you vulnerable to fire.
   rElec:     It insulates you from electricity.
   rN++:      It greatly protects you from negative energy.
   Regen+:    It increases your rate of health regeneration.
 C - a ring of poison resistance (right hand)
 F - a +5 ring of evasion
 G - a ring of flight
 H - an amulet of reflection (around neck)
 W - an amulet of regeneration
Wands
 l - a wand of flame (23)
 K - a wand of polymorph (8)
 R - a wand of mindburst (6)
 S - a wand of roots (8)
 T - a wand of digging (4)
 Z - a wand of paralysis (19)
Scrolls
 b - a scroll of poison
 n - 2 scrolls of summoning
 p - a scroll of brand weapon
 x - a scroll of blinking
 B - 5 scrolls of revelation
 E - 2 scrolls of enchant weapon
 I - 2 scrolls of immolation
 L - 7 scrolls of fog
 V - 6 scrolls of fear
 Y - 11 scrolls of teleportation
Potions
 f - 4 potions of resistance
 g - a potion of curing
 i - a potion of invisibility
 j - 2 potions of cancellation
 t - 2 potions of brilliance
 v - 3 potions of berserk rage
 A - 3 potions of magic
 M - a potion of lignification
 Q - 2 potions of enlightenment
Miscellaneous
 q - a phial of floods
 J - a box of beasts (inert)


   Skills:
 * Level 18.5 Fighting
 - Level 14.0 Short Blades
 - Level 2.1 Throwing
 - Level 13.2 Dodging
 + Level 19.4 Stealth
 * Level 19.7 Invocations
 - Level 10.5 Evocations


You had 18 spell levels left.
You didn't know any spells.
Your spell library contained the following spells:

 Spells                   Type           Power      Damage    Failure   Level
 Sandblast                Erth           0%         2d4       41%         1
 Sting                    Conj/Alch      0%         1d3       41%         1
 Call Imp                 Summ           0%         N/A       56%         2
 Mercury Vapours          Alch/Air       0%         N/A       56%         2
 Sublimation of Blood     Necr           0%         N/A       56%         2
 Frozen Ramparts          Ice            0%         1d1       80%         3
 Summon Ice Beast         Ice/Summ       0%         N/A       80%         3
 Tukima's Dance           Hex            0%         N/A       80%         3
 Dimensional Bullseye     Hex/Tloc       0%         N/A       99%         4
 Iskenderun's Mystic Bla  Conj/Tloc      0%         2d3       99%         4
 Leda's Liquefaction      Alch/Erth      0%         N/A       99%         4
 Olgreb's Toxic Radiance  Alch           0%         N/A       99%         4
 Petrify                  Alch/Erth      0%         N/A       99%         4
 Irradiate                Conj/Alch      0%         3d11      100%        5
 Iskenderun's Battlesphe  Conj           0%         2d6       100%        5
 Metabolic Englaciation   Hex/Ice        0%         N/A       100%        5
 Summon Mana Viper        Hex/Summ       0%         N/A       100%        5
 Bombard                  Conj/Erth      0%         9d1       100%        6
 Monstrous Menagerie      Summ           0%         N/A       100%        7
 Spellforged Servitor     Conj/Summ      0%         N/A       100%        7
 Summon Hydra             Summ           0%         N/A       100%        7


Dungeon Overview and Level Annotations

Branches:
Dungeon (15/15)            Temple (1/1) D:4            Lair (5/5) D:10
 Shoals (0/4) Lair:2        Snake (4/4) Lair:2        Slime (0/5) Lair:4
    Orc (2/2) D:12            Elf (0/3) Orc:2        Vaults (0/5) D:13
 Depths (0/4) D:15          Sewer (visited)           IceCv (visited)

Altars:
Ashenzari
Cheibriados
Elyvilon
Fedhas
Gozag
Hepliaklqana
Kikubaaqudgha
Makhleb
Nemelex Xobeh
Okawaru
Qazlal
Ru
Sif Muna
Trog
Uskayaw
Vehumet
Wu Jian
Xom
Yredelemnul
Zin
The Shining One
Jiyva

Shops:
D:8 *   Orc:2 :(([*   Snake:4 :??

Portals:
Abyss: Lair:2

Annotations:
D:4 1 runed translucent door, middlethird's ghost, weakling VSSh
D:13 2 runed translucent doors
Lair:2 2 transporters, Pechyafi's ghost, journeyman DDEE
Snake:2 1 runed translucent door, Tuffe's ghost, adept FoFi


Innate Abilities, Weirdness & Mutations

You are small and have problems with some larger weapons.
You are completely attuned to the shadows.


Message History

The nagaraja constricts you.
The naga hits you from afar with a +0 trident!
The nagaraja gestures at you while chanting.
You barely resist. The nagaraja constricts you.
The salamander mystic completely misses you.
Okay, then.
As you read the scroll of silence, it crumbles to dust.
A profound silence engulfs you. The naga closely misses you.
The nagaraja hits you with a +0 halberd!
* * * LOW HITPOINT WARNING * * *
The nagaraja constricts you.
The salamander mystic hits you with a +0 quarterstaff.
* * * LOW HITPOINT WARNING * * *
You are engulfed in flames!
* * * LOW HITPOINT WARNING * * *
The salamander mystic completely misses you.
Okay, then.
Magic scrolls do not work when you're silenced!
Magic scrolls do not work when you're silenced!
You feel better.
The naga is no longer paralysed.
The nagaraja hits you with a +0 halberd!
* * * LOW HITPOINT WARNING * * *
The nagaraja constricts you.
* * * LOW HITPOINT WARNING * * *
The naga spits poison at you. The splash of poison misses you.
The splash of poison hits the nagaraja but does no damage.
The nagaraja looks even sicker.
The nagaraja hits you with a +0 halberd.
* * * LOW HITPOINT WARNING * * *
The nagaraja constricts you.
The salamander mystic barely misses you.
You feel yourself speed up. The naga closely misses you.
The nagaraja hits you but does no damage.
The nagaraja constricts you.
* * * LOW HITPOINT WARNING * * *
The salamander mystic hits you with a +0 quarterstaff.
* * * LOW HITPOINT WARNING * * *
You are engulfed in flames!
You die...

.#........ ### ..........
#.## #...)..... ...##
####.......# ....##
##..##.....# ##...##
##§.(.##..†##. .###..##
##.§§.(.##..#.. ...#...##
.§#§NN§.)()#).... #
...#....## .NN§@N§((.).....#
# ...#....)##
.§N#N§§§..#....## #
...#.###))##...##§§..##)..##
##
...###.##).##...##..##...##
##.
...##...#)..##...####)).##
...
...###..#.)).##...##..)##
... ...#.#..##....##......##
...
####.#...#..)..##....##....
...
#....#..##....).##''##.....
...


You could see a nagaraja (fast, very poisoned), a naga sharpshooter, 2
salamander mystics and 3 nagas.

Vanquished Creatures
  Mara (Snake:3)
  Vashnia (Snake:2)
  Nikola (Snake:2)
  An Ice Fiend (IceCv)
  Rupert (D:15)
  Kirke (Snake:1)
  Aizul (Snake:2)
  5 nagarajas
  3 orc warlords
  An ironbound preserver (D:13)
  Nessos (Lair:4)
  Snorg (D:10)
  The ghost of Zusoliwk the Skirmisher, a journeyman CeHu of Okawaru (Lair:1)
  Josephine (Lair:3)
  3 salamander tyrants
  A rakshasa (D:15)
  An ogre mage (Orc:1)
  4 hydras
  A caustic shrike simulacrum (IceCv)
  6 anacondas
  8 two-headed ogres
  4 boulder beetles
  6 centaur warriors
  9 death yaks
  A deep troll shaman (Lair:5)
  2 catoblepae (Lair:5)
  7 naga warriors
  2 tengu warriors (D:13)
  3 shock serpents
  16 naga sharpshooters
  Nergalle (D:11)
  4 skysharks
  6 salamander mystics
  2 obsidian statues (IceCv)
  2 skeletal warriors (D:15)
  A bog body (IceCv)
  A lindwurm (Lair:5)
  6 naga ritualists
  14 mana vipers
  Pikel (D:7)
  4 orc knights
  A deep elf zephyrmancer (D:15)
  A wolf spider zombie (D:15)
  19 salamanders
  Maurice (D:10)
  A necromancer (D:15)
  An oklob plant (Lair:3)
  3 deep elf pyromancers (D:15)
  9 orc sorcerers
  18 ugly things
  3 manticores
  2 cyclopes
  7 elephants
  A merfolk siren (Lair:2)
  36 black mambas
  5 guardian serpents
  Joseph (D:7)
  12 cane toads
  11 naga magi
  3 torpor snails
  2 gargoyles
  2 ice statues (Snake:1)
  2 centaur skeletons (D:15)
  An unseen horror (D:13)
  5 komodo dragons
  An efreet (D:15)
  6 rime drakes
  6 freezing wraiths (IceCv)
  3 tengu conjurers
  5 polar bears
  8 trolls
  3 golden dragon simulacra (IceCv)
  12 blink frogs
  13 dream sheep
  Sigmund (D:5)
  A centaur simulacrum (D:15)
  17 slime creatures
  3 shadows
  5 wraiths
  13 wyverns
  A yak (shapeshifter) (D:15)
  2 hogs (Snake:1)
  20 yaks
  5 basilisks
  2 humans (D:9)
  15 vampire mosquitoes
  6 wargs
  A minotaur simulacrum (IceCv)
  2 steam dragons (D:7)
  An acid dragon (D:11)
  4 hydra simulacra (IceCv)
  21 water moccasins
  51 nagas
  A sky beast (D:7)
  An ice beast (D:6)
  31 orc warriors
  A sky beast (shapeshifter) (D:14)
  5 black bears
  3 ettin simulacra (IceCv)
  2 laughing skulls (D:13)
  33 wolves
  A black mamba simulacrum (Lair:1)
  6 ogres
  16 centaurs
  4 lemures
  A phantom (D:6)
  3 scorpions
  3 deep troll simulacra (IceCv)
  A kobold brigand (D:10)
  8 bullfrogs
  A skyshark simulacrum (Lair:1)
  3 gnoll sergeants
  2 cane toad simulacra (Lair:1)
  A burial acolyte (D:5)
  10 wights
  3 killer bees (D:8)
  5 howler monkeys
  An electric eel (Lair:2)
  2 bombardier beetles
  6 jellies
  A wyvern simulacrum (Lair:1)
  9 orc priests
  A gnoll bouda (D:5)
  3 hounds
  An iguana (D:6)
  3 sleepcaps
  13 orc wizards
  A bullfrog simulacrum (Lair:1)
  A basilisk simulacrum (Lair:1)
  20 gnolls
  8 adders
  A shadow imp (D:6)
  2 white imps
  6 ufetubi (D:6)
  An adder zombie (D:5)
  2 dart slugs
  3 ribbon worms
  54 orcs
  4 bats
  14 endoplasms
  7 giant cockroaches
  3 goblins
  3 hobgoblins (D:1)
  4 jackals (D:4)
  9 kobolds
  3 quokkas (D:5)
  4 ball pythons
  4 frilled lizards
  A jackal zombie (D:5)
  12 rats
863 creatures vanquished.

Vanquished Creatures (collateral kills)
  A catoblepas (Lair:1)
  A centaur warrior (D:14)
  2 naga ritualists (Snake:4)
  A salamander (Snake:3)
  A dream sheep (Lair:4)
  A naga (Snake:4)
  An acid dragon (D:11)
  An orc warrior (Orc:2)
  A centaur (D:14)
  An orc priest (Orc:2)
11 creatures vanquished.

Vanquished Creatures (others)
  A salamander (Snake:2)
  An orc wizard (D:10)
2 creatures vanquished.

Grand Total: 876 creatures vanquished

Notes
Turn   | Place    | Note
-------+----------+-------------------------------------------
     0 | D:1      | wetbulb the Kobold Brigand began the quest for the Orb.
     0 | D:1      | Reached XP level 1. HP: 12/12 MP: 1/1
   120 | D:1      | Reached XP level 2. HP: 17/17 MP: 2/2
   985 | D:2      | Found a faded altar of an unknown god.
  1299 | D:2      | Reached XP level 3. HP: 13/21 MP: 3/3
  2554 | D:3      | Reached XP level 4. HP: 26/26 MP: 4/4
  3137 | D:4      | Reached XP level 5. HP: 30/30 MP: 5/5
  3259 | D:4      | Found a staircase to the Ecumenical Temple.
  3267 | Temple   | Entered the Ecumenical Temple
  3323 | D:4      | Found a glowing drain.
  3329 | Sewer    | Entered a sewer
  3359 | Sewer    | Reached XP level 6. HP: 35/35 MP: 6/6
  3395 | Sewer    | Reached skill level 5 in Short Blades
  3764 | Sewer    | Found a viscous altar of Jiyva.
  4543 | D:4      | Found a runed translucent door.
  4551 | D:4      | Noticed middlethird's ghost (weakling VSSh)
  4699 | D:4      | Identified 2 scrolls of acquirement
  4699 | D:4      | Acquired a +3 quick blade of protection
  4749 | D:5      | Entered Level 5 of the Dungeon
  4777 | D:5      | Noticed a black bear
  4784 | D:5      | Killed a black bear
  4785 | D:5      | Reached XP level 7. HP: 38/40 MP: 7/7
  5160 | D:5      | Reached skill level 5 in Dodging
  5300 | D:5      | Noticed Sigmund
  5324 | D:5      | Killed Sigmund
  5325 | D:5      | Reached XP level 8. HP: 36/44 MP: 8/8
  5603 | D:5      | Found a glowing golden altar of the Shining One.
  6147 | D:5      | Identified the +2 barding of the Arena {rElec Str+5 Dex+4}
  6154 | D:5      | Found an ancient bone altar of Kikubaaqudgha.
  7017 | D:6      | Reached XP level 9. HP: 48/48 MP: 9/9
  7020 | D:6      | You fall into a shaft and drop 2 floors!
  7200 | D:7      | Noticed Pikel
  7580 | D:7      | Reached skill level 10 in Short Blades
  7615 | D:7      | Reached skill level 10 in Stealth
  7728 | D:7      | Noticed a two-headed ogre
  7739 | D:7      | Killed a two-headed ogre
  7797 | D:7      | Noticed a cyan ugly thing
  7897 | D:7      | Reached XP level 10. HP: 56/56 MP: 10/10
  7927 | D:7      | Noticed Joseph
  7932 | D:7      | Killed Joseph
  7933 | D:7      | Reached skill level 5 in Fighting
  8408 | D:7      | Killed a cyan ugly thing
 10107 | D:8      | Found Vouryxt's Demolitions Depot.
 10394 | D:9      | Found an iron altar of Okawaru.
 10480 | D:9      | Reached skill level 10 in Fighting
 10480 | D:9      | Reached XP level 11. HP: 72/72 MP: 11/11
 10927 | D:10     | Entered Level 10 of the Dungeon
 10927 | D:10     | Noticed Maurice
 10931 | D:10     | Killed Maurice
 10932 | D:10     | Reached skill level 1 in Evocations
 11022 | D:10     | Found a bloodstained altar of Trog.
 11122 | D:10     | Found a glowing silver altar of Zin.
 11122 | D:10     | Found a shimmering blue altar of Sif Muna.
 11245 | D:10     | Found a staircase to the Lair.
 11294 | D:10     | Noticed Snorg
 11571 | D:10     | Found a hide-covered altar of Uskayaw.
 11574 | D:10     | Found a blossoming altar of Fedhas.
 11577 | D:10     | Became a worshipper of Uskayaw the Reveller
 12021 | D:7      | Reached * piety under Uskayaw
 12239 | D:7      | Reached ** piety under Uskayaw
 12245 | D:7      | Reached *** piety under Uskayaw
 12247 | D:7      | Reached **** piety under Uskayaw
 12249 | D:7      | Reached ***** piety under Uskayaw
 12259 | D:7      | Killed Pikel
 12415 | D:10     | Killed Snorg
 12635 | D:11     | Reached skill level 10 in Dodging
 12635 | D:11     | Noticed a white ugly thing
 12636 | D:11     | Noticed a cyan ugly thing
 12643 | D:11     | Noticed a manticore
 12782 | D:11     | Reached XP level 12. HP: 77/77 MP: 12/12
 12866 | D:11     | Noticed Nergalle
 12870 | D:11     | Killed Nergalle
 13521 | D:11     | Found a shimmering blue altar of Sif Muna.
 13549 | D:11     | Got Sif Muna's Discursus on Terrain
 14126 | D:12     | Found a sacrificial altar of Ru.
 14194 | D:12     | Reached ****** piety under Uskayaw
 14244 | D:12     | Found a staircase to the Orcish Mines.
 14261 | D:12     | Reached skill level 1 in Invocations
 14294 | D:12     | Noticed a boulder beetle
 14298 | D:12     | Killed a boulder beetle
 14615 | Lair:1   | Entered Level 1 of the Lair of Beasts
 14945 | Lair:1   | Found a runed translucent gate.
 15073 | Lair:1   | Noticed a catoblepas
 15218 | Lair:1   | Reached XP level 13. HP: 79/86 MP: 16/16
 15219 | Lair:1   | Reached skill level 5 in Invocations
 15349 | Lair:1   | Found a runed translucent gate.
 15350 | Lair:1   | Found a runed translucent gate.
 15394 | Lair:1   | Killed a catoblepas
 15686 | Lair:2   | Found a transporter.
 15741 | Lair:2   | Found a staircase to the Shoals.
 16025 | Lair:2   | Found a staircase to the Snake Pit.
 16325 | Lair:2   | Found a transporter.
 16326 | Lair:2   | Found a one-way gate to the infinite horrors of the Abyss.
 16326 | Lair:2   | Noticed Pechyafi's ghost (journeyman DDEE)
 16936 | Lair:3   | Noticed a seven-headed hydra
 16940 | Lair:3   | Killed a seven-headed hydra
 16943 | Lair:3   | Noticed Josephine
 17025 | Lair:3   | Killed Josephine
 17117 | Lair:3   | Reached XP level 14. HP: 96/96 MP: 21/21
 17178 | Lair:3   | Reached skill level 10 in Invocations
 17277 | Lair:3   | Identified the +9 rapier of Zuhat {heavy, rN++ Dex+5
                  | Stlth-}
 17391 | Lair:3   | Reached skill level 15 in Fighting
 18087 | Lair:4   | Found a viscous altar of Jiyva.
 18087 | Lair:4   | Found a staircase to the Slime Pits.
 18562 | Lair:4   | Noticed Nessos
 18567 | Lair:4   | Killed Nessos
 19089 | Lair:4   | Found a snail-covered altar of Cheibriados.
 19392 | Lair:4   | Acquired the amulet of the Tired Tales {Acrobat rElec rF-
                  | rN++ Regen+}
 19401 | Lair:5   | Entered Level 5 of the Lair of Beasts
 20020 | Lair:5   | Reached XP level 15. HP: 104/104 MP: 24/24
 20982 | Lair:1   | Noticed Zusoliwk's ghost (journeyman CeHu)
 21000 | Lair:1   | Killed Zusoliwk's ghost
 21177 | Orc:1    | Entered Level 1 of the Orcish Mines
 21180 | Orc:1    | Reached skill level 15 in Stealth
 21312 | Orc:2    | Entered Level 2 of the Orcish Mines
 21525 | Orc:2    | Noticed an orc warlord
 21548 | Orc:1    | Noticed an orc warlord
 21767 | Orc:1    | Paralysed by something for 5 turns
 21928 | D:13     | Reached skill level 5 in Evocations
 22333 | D:13     | Found a large runed translucent door.
 22334 | D:13     | Found a large runed translucent door.
 22362 | D:13     | Found a gate to the Vaults.
 22362 | D:13     | Noticed an ironbound preserver
 22368 | D:13     | Killed an ironbound preserver
 23105 | D:14     | Reached XP level 16. HP: 112/112 MP: 26/26
 23630 | D:14     | Reached skill level 15 in Invocations
 23630 | D:14     | Reached XP level 17. HP: 117/117 MP: 26/28
 23860 | D:15     | Entered Level 15 of the Dungeon
 24006 | D:15     | Found a staircase to the Depths.
 24176 | D:15     | Noticed Rupert
 24179 | D:15     | Killed Rupert
 25054 | Orc:2    | Found Xexiam's Weapon Emporium.
 25072 | Orc:2    | Bought 4 curare-tipped darts for 62 gold pieces
 25099 | Orc:2    | Found Zierch's Antique Armour Boutique.
 25386 | Orc:2    | Found Qiqic's General Store.
 25391 | Orc:2    | Bought a wand of roots (2) for 81 gold pieces
 25391 | Orc:2    | Bought a potion of curing for 51 gold pieces
 25391 | Orc:2    | Bought a wand of paralysis (7) for 285 gold pieces
 25391 | Orc:2    | Bought a scroll of enchant weapon for 127 gold pieces
 25599 | Orc:2    | Found Hetaucref's Antique Weapon Shoppe.
 25708 | Orc:2    | Found Ruubapiq's Book Shop.
 25881 | Orc:2    | Found a staircase to the Elven Halls.
 26228 | Snake:1  | Entered Level 1 of the Snake Pit
 26609 | Snake:1  | Found a glacial archway.
 26651 | Snake:1  | Noticed Kirke
 26673 | Snake:1  | Killed Kirke
 26772 | IceCv    | Entered an ice cave
 26809 | IceCv    | Reached XP level 18. HP: 103/123 MP: 30/30
 26985 | IceCv    | Noticed an Ice Fiend
 26988 | IceCv    | Killed an Ice Fiend
 27736 | Snake:2  | Found a sparkling altar of Nemelex Xobeh.
 27798 | Snake:2  | Identified the serpent talisman "Getzeut" {Dex+4}
 27798 | Snake:2  | Noticed Aizul
 27802 | Snake:2  | Killed Aizul
 28045 | Snake:2  | Found a runed translucent door.
 28045 | Snake:2  | Noticed Tuffe's ghost (adept FoFi)
 28077 | Snake:2  | Reached skill level 10 in Evocations
 28189 | Snake:2  | Noticed Nikola
 28417 | Snake:2  | Noticed Vashnia
 28595 | Snake:2  | Killed Nikola
 29068 | Snake:2  | Killed Vashnia
 30158 | Snake:3  | Reached XP level 19. HP: 128/128 MP: 32/32
 30497 | Snake:3  | Noticed Mara
 30499 | Snake:3  | Killed Mara
 30713 | Snake:4  | Entered Level 4 of the Snake Pit
 30742 | Snake:4  | Found Xuboomezy's Book Boutique.
 30742 | Snake:4  | Found Paplof's Magic Scroll Shop.
 30760 | Snake:4  | Found Xerotah's Magic Scroll Boutique.
 30766 | Snake:4  | Bought a scroll of acquirement for 780 gold pieces
 30768 | Snake:4  | Acquired the ring of the Skies Above {rC+ rN+ MP+9 Dex+4}
 30772 | Snake:4  | Bought a scroll of teleportation for 51 gold pieces
 30772 | Snake:4  | Bought a scroll of enchant weapon for 127 gold pieces
 30772 | Snake:4  | Bought a scroll of summoning for 161 gold pieces
 30772 | Snake:4  | Bought a scroll of teleportation for 51 gold pieces
 30772 | Snake:4  | Bought a scroll of teleportation for 51 gold pieces
 30772 | Snake:4  | Bought a scroll of teleportation for 51 gold pieces
 30772 | Snake:4  | Bought a scroll of blinking for 127 gold pieces
 31108 | Snake:4  | Identified the +0 acid dragon scales of Kojuruej {rCorr
                  | MP+9 Str+3}
 31443 | Snake:4  | Identified the +4 falchion of Efrist {drain, Int+2}
 31444 | Snake:4  | Identified the beast talisman of Tuatuil {rPois Str+4 Int+3
                  | Dex+3}
 32916 | Snake:4  | Slain by a salamander mystic

Illustrated notes

Levels and vault maps discovered:
D:1:      wander_arrival_lonely_grave, layout_basic
D:2:      layout_basic, hellmonk_ecumenical_altar_leap_of_faith
D:3:      layout_rooms
D:4:      layout_loops_corners, minmay_temple_entry_overgrown,
          hellmonk_ghost_happy_afterlife, cheibrodos_sewer_entry_drain
D:5:      layout_basic, lemuel_zombie_altar_kikubaaqudgha,
          mainiacjoe_overflow_chevrons, glass_columns_b, abandoned_shop,
          grunt_ministairs_6, kennysheep_generic_room_13, uniq_sigmund
D:6:      layout_loops_ring
D:7:      minmay_blocky_corners, layout_cave_pools, uniq_joseph, uniq_pikel
D:8:      layout_loops_cross, lemuel_tele_altar, serial_bayou_pond_d,
          nicolae_blasting_shop, kennysheep_generic_room_8
D:9:      layout_basic, okawaru_humans
D:10:     layout_basic, pf_just_have_faith, nicolae_overflow_squiral,
          gammafunk_temple_overflow_elements, grunt_decor_fettered,
          uniq_maurice, uniq_snorg
D:11:     layout_loops_ring, led_sif_book, uniq_nergalle
D:12:     layout_roguey, orc_0_dummy, minmay_misc_feat_five,
          nicolae_ru_awakened_eye
D:13:     layout_gridville, skrybe_vaults_entry_preservation,
          ebering_ghost_disaster_area
D:14:     layout_loops_corners, kennysheep_another_room, columned_hall_lemuel
D:15:     grunt_enter_depths_magical_seal, layout_rooms, uniq_rupert
Temple:   nicolae_temple_figure_eight
Lair:1:   layout_big_grid, gammafunk_ghost_icy, grunt_megastairs_3
Lair:2:   layout_cave_pods, elwin_shoals_entry_rooms,
          minmay_snake_entry_six_corridors, gammafunk_ghost_abyssal_escape
Lair:3:   nzn_winding_woodlands_stair_cross [nzn_winding_woodlands_5x15_eye,
          nzn_winding_woodlands_center_diamonds,
          nzn_winding_woodlands_5x15_pathside_ponds,
          nzn_winding_woodlands_5x5_default, nzn_winding_woodlands_hourglass,
          nzn_winding_woodlands_5x15_pockets,
          nzn_winding_woodlands_center_lodge,
          nzn_winding_woodlands_5x15_crooked], layout_loops_ring, uniq_josephine
Lair:4:   layout_hall_layers, slime_entry_1, kennysheep_snail_temple,
          uniq_nessos
Lair:5:   grunt_lair_end_beastmaster, layout_long_grid, lemuel_fruit_tree,
          serial_bayou_shore_a, grunt_megastairs_1
Snake:1:  layout_gridlike, portal_ice_cave_entry_ice_statue_two, drop_trap,
          uniq_kirke
Snake:2:  layout_misc_corridors, gammafunk_ghost_grave, basic_altar,
          uniq_nikola, uniq_vashnia, uniq_aizul
Snake:3:  nicolae_snake_attic_fulla_snakes, layout_layer_cave, uniq_mara
Snake:4:  johnstein_snake_rune_scales, layout_cave_town, grunt_ministairs_13,
          minmay_shop_star
Orc:1:    layout_diamond_mine, nicolae_orc_beogh_chapel,
          david_defended_altar_orc
Orc:2:    grunt_orc_gardens, layout_caves, grunt_orc_garden, grunt_orc_garden,
          grunt_orc_garden, grunt_orc_garden, serial_shops,
          nicolae_shop_statue_plus, nicolae_orc_tapped_out

Skill      XL: |  1  2  3  4  5  6  7  8  9 10 11 12 13 14 15 16 17 18 19 |
---------------+----------------------------------------------------------+-----
Short Blades   | 3 4 6 7 9 11 13 14 | 14.0
Dodging        | 2 3 4 5 6 8 10 11 12 13 | 13.2
Stealth        | 6 7 8 9 10 12 13 14 15 16 17 18 19 | 19.4
Fighting       | 3 10 12 14 16 17 18 | 18.5
Evocations     | 4 6 8 10 | 10.5
Invocations    | 4 9 12 14 15 17 18 19 | 19.7
Throwing       | |  2.1

Action                     |  1- 3 |  4- 6 |  7- 9 | 10-12 | 13-15 | 16-18 | 19-21 || total
---------------------------+-------+-------+-------+-------+-------+-------+-------++-------
  Melee: Dagger            |    57 |   158 |   173 |       |       |       |       ||   388
         Quick blade       |       |     8 |   109 |  1032 |  1514 |  1721 |   516 ||  4900
         Punch             |       |     1 |     3 |    19 |    30 |    37 |     9 ||    99
         Unarmed           |       |       |       |       |       |     1 |       ||     1
  Throw: Dart              |       |    37 |    26 |    83 |     8 |    65 |    47 ||   266
 Invoke: Grand Finale      |       |       |       |       |     4 |     2 |       ||     6
         Line Pass         |       |       |       |       |       |       |     1 ||     1
  Evoke: Wand              |       |       |     3 |     5 |    23 |     5 |     7 ||    43
         Box of beasts     |       |       |       |     1 |     2 |     3 |     1 ||     7
         Phial of floods   |       |       |       |       |       |     1 |       ||     1
    Use: Scroll            |       |    15 |     2 |    10 |     8 |    14 |     6 ||    55
         Potion            |       |       |     7 |     3 |       |    10 |     7 ||    27
   Stab: Sleeping          |    17 |    25 |    24 |    46 |    94 |    64 |    17 ||   287
         Distracted        |     1 |     1 |     1 |       |     2 |     2 |     1 ||     8
         Paralysed         |       |       |     2 |    10 |    59 |    65 |    28 ||   164
         Petrified         |       |       |       |       |     4 |       |       ||     4
         Petrifying        |       |       |       |       |     1 |       |       ||     1
         Invisible         |       |       |       |       |       |     9 |       ||     9
 Armour: Ring mail         |    15 |    60 |    84 |     1 |       |       |       ||   160
         Robe              |     3 |       |       |       |       |       |       ||     3
         Leather armour    |       |       |       |    89 |       |       |       ||    89
         Troll leather arm |       |       |       |    86 |   284 |   291 |   113 ||   774
  Dodge: Dodged            |    23 |    65 |    85 |   314 |   671 |   702 |   196 ||  2056
  Block: Other             |       |       |       |       |       |       |    21 ||    21
         Reflection        |       |       |       |       |       |       |     3 ||     3
